[Event "Titled Tuesday Blitz August 10 2021"]
[White "Yakubboev, Nodirbek"]
[Black "Lagno, Kateryna"]
[WhiteFideId "14203987"]
[BlackFideId "14109336"]
[WhiteElo "2519"]
[BlackElo "2608"]
[Result "1-0"]
[Round "08"]
[TimeControl "180+1"]
[Date "2021.08.10"]
[WhiteClock "0:00:04"]
[BlackClock "0:00:04"]

1. b3 Nf6 2. Bb2 g6 3. g3 Bg7 4. Bg2 d6 5. d4 d5 6. Nf3 O-O 7. O-O c6 8. c4 a5 9. Nc3 Bf5 10. Nd2 h5 11. Re1 h4 12. Rc1 h3 13. Bh1 Bh6 14. e3 Na6 15. a3 Nc7 16. Na4 Ne6 17. f3 Ng5 18. Qe2 Re8 19. cxd5 cxd5 20. Nc3 Rc8 21. Nb5 Qd7 22. a4 Rxc1 23. Rxc1 Rc8 24. Qf1 b6 25. Kf2 Rc6 26. Rxc6 Qxc6 27. Qc1 Qe6 28. Qc3 Kh7 29. Ba3 Kg7 30. Nc7 Qd7 31. Nb5 Qe6 32. Nf1 Bg4 33. Qc2 Bf5 34. Qc7 Nd7 35. Qc3 Nf6 36. Qc7 Nd7 37. g4 Bd3 38. Bc1 Nf6 39. Ng3 Nxg4+ 40. fxg4 Qxg4 41. Qe5+ Kg8 42. Nc3 e6 43. Qb8+ Kg7 44. Qe5+ Kg8 45. Ba3 Bc2 46. Be7 Bxb3 47. Qb8+ Kh7 48. Bf6 Bg7 49. Bxg7 Kxg7 50. Qxb6 Bc4 51. Qxa5 Nh7 52. Qc7 Nf6 53. Qf4 Qxf4+ 54. exf4 Ng4+ 55. Kg1 Ne3 56. Bf3 Kf6 57. Be2 Bxe2 58. Ngxe2 Nc4 59. Kf2 Kf5 60. Kf3 f6 61. Ng3# 1-0


[Site "https://www.chess.com"]

[Event "Titled Tuesday Blitz August 10 2021"]
[White "Yoo, Christopher Woojin"]
[Black "Grischuk, Alexander"]
[WhiteFideId "30909694"]
[BlackFideId "4126025"]
[WhiteElo "2105"]
[BlackElo "2777"]
[Result "1/2-1/2"]
[Round "08"]
[TimeControl "180+1"]
[Date "2021.08.10"]
[WhiteClock "0:00:39"]
[BlackClock "0:00:50"]

1. e4 e5 2. Nf3 Nc6 3. Bc4 Bc5 4. b4 Be7 5. c3 Nf6 6. d3 O-O 7. O-O a6 8. a4 d5 9. exd5 Nxd5 10. h3 Bf5 11. Re1 Nb6 12. Na3 Bf6 13. Bb2 Nxc4 14. Nxc4 Qxd3 15. Qxd3 Bxd3 16. Ncxe5 Nxe5 17. Nxe5 Rad8 18. Nxd3 Rxd3 19. Rad1 Bxc3 20. Bxc3 Rxc3 21. Rd7 Rc4 22. Ree7 Rxb4 23. Rxc7 b6 24. Rb7 a5 25. g3 g6 26. Rec7 Kg7 27. Kg2 h5 28. h4 Rxa4 29. Rxb6 Rb4 30. Rxb4 axb4 31. Rb7 b3 1/2-1/2


[Site "https://www.chess.com"]

[Event "Titled Tuesday Blitz August 10 2021"]
[White "Andreikin, Dmitry"]
[Black "Bologan, Victor"]
[WhiteFideId "4158814"]
[BlackFideId "13900048"]
[WhiteElo "2782"]
[BlackElo "2511"]
[Result "1-0"]
[Round "09"]
[TimeControl "180+1"]
[Date "2021.08.10"]
[WhiteClock "0:00:06"]
[BlackClock "0:00:01"]

1. Nf3 d5 2. e3 c6 3. c4 Nf6 4. Nc3 a6 5. d4 Bg4 6. h3 Bxf3 7. Qxf3 e6 8. Bd3 Bb4 9. O-O O-O 10. Rd1 Nbd7 11. Bd2 a5 12. a3 Bd6 13. e4 dxe4 14. Nxe4 Nxe4 15. Qxe4 g6 16. Bc3 Re8 17. g3 Bf8 18. h4 Bg7 19. Bf1 Qc7 20. h5 Nf6 21. Qe5 Qxe5 22. dxe5 Ne4 23. Bd4 gxh5 24. Bg2 f5 25. exf6 Nxf6 26. b4 e5 27. Bb6 axb4 28. axb4 Rxa1 29. Rxa1 e4 30. Ra7 Re7 31. Bd8 Rd7 32. Bxf6 Bxf6 33. Bxe4 h4 34. Kg2 Re7 35. Bf5 hxg3 36. fxg3 Kg7 37. c5 Bc3 38. b5 Kf6 39. Bc8 cxb5 40. Bxb7 b4 41. Ra6+ Ke5 42. Rb6 Bd4 43. Rb5 b3 44. c6+ Kd6 45. Rxb3 Be5 46. Rd3+ Kc7 47. Rd5 Bd6 48. Rg5 Re5 49. Rg7+ Re7 50. Rg8 Re6 51. Rc8+ Kb6 52. Kh3 Rh6+ 53. Kg4 Rg6+ 54. Kf5 Rxg3 55. Ke6 Bc7 56. Ra8 Re3+ 57. Kd5 Rd3+ 58. Kc4 Ra3 59. Rxa3 1-0


[Site "https://www.chess.com"]

[Event "Titled Tuesday Blitz August 10 2021"]
[White "Aradhya, Garg"]
[Black "Zhigalko, Sergei"]
[WhiteFideId "25006746"]
[BlackFideId "13502956"]
[WhiteElo "2146"]
[BlackElo "2662"]
[Result "1-0"]
[Round "09"]
[TimeControl "180+1"]
[Date "2021.08.10"]
[WhiteClock "0:00:42"]
[BlackClock "0:00:06"]

1. d4 Nf6 2. c4 e6 3. Nf3 b6 4. a3 Ba6 5. Qb3 Nc6 6. Qc2 b5 7. cxb5 Bxb5 8. Nc3 Ba6 9. e4 Bxf1 10. Kxf1 h6 11. d5 Ne7 12. dxe6 dxe6 13. Be3 Qc8 14. Rd1 Ng6 15. Qa4+ Nd7 16. h4 Bd6 17. Nb5 O-O 18. Nxd6 cxd6 19. Rxd6 Nde5 20. h5 Nc4 21. Rc6 Nxe3+ 22. fxe3 Qd7 23. hxg6 Rac8 24. gxf7+ Kh7 25. Nd4 Qxf7+ 26. Ke2 Qf2+ 27. Kd3 e5 28. Rxc8 Rxc8 29. Qd7 Rf8 30. Nf5 Qxg2 31. Rxh6+ Kg8 32. Qe6+ Rf7 33. Ne7+ Kf8 34. Rh8# 1-0


[Site "https://www.chess.com"]

[Event "Titled Tuesday Blitz August 10 2021"]
[White "Csonka, Balazs"]
[Black "Demidov, Mikhail"]
[WhiteFideId "742910"]
[BlackFideId "4197143"]
[WhiteElo "2404"]
[BlackElo "2559"]
[Result "0-1"]
[Round "09"]
[TimeControl "180+1"]
[Date "2021.08.10"]
[WhiteClock "0:00:02"]
[BlackClock "0:00:24"]

1. d4 d5 2. Nf3 Nf6 3. Bf4 c5 4. e3 Nc6 5. Nbd2 Bg4 6. c3 e6 7. Qa4 Bxf3 8. Nxf3 Nd7 9. Ne5 Ndxe5 10. Bxe5 a6 11. dxc5 f6 12. Bg3 Bxc5 13. Bd3 O-O 14. O-O Bd6 15. e4 Bxg3 16. hxg3 d4 17. Qb3 Qe7 18. Rac1 Rad8 19. Rfd1 Rd6 20. Be2 Rfd8 21. Bg4 Kf7 22. f4 Kf8 23. Kh2 g6 24. cxd4 Nxd4 25. Qc4 h5 26. Bh3 Nf3+ 27. gxf3 Rxd1 28. Rxd1 Rxd1 29. Bxe6 Kg7 30. b4 b5 31. Qb3 Qd6 32. Bd5 Rd2+ 33. Kh3 Qd7+ 34. Be6 Qd3 35. Qd5 Qf1+ 0-1


[Site "https://www.chess.com"]

[Event "Titled Tuesday Blitz August 10 2021"]
[White "Grischuk, Alexander"]
[Black "Bortnyk, Olexandr"]
[WhiteFideId "4126025"]
[BlackFideId "14120828"]
[WhiteElo "2777"]
[BlackElo "2723"]
[Result "0-1"]
[Round "09"]
[TimeControl "180+1"]
[Date "2021.08.10"]
[WhiteClock "0:00:01"]
[BlackClock "0:00:02"]

1. e4 Nf6 2. e5 Nd5 3. d4 d6 4. Nf3 dxe5 5. Nxe5 c6 6. h3 g6 7. Bc4 Bg7 8. O-O O-O 9. Nf3 Nd7 10. Re1 N7b6 11. Bf1 Bf5 12. a3 Qc7 13. c4 Nf4 14. Nc3 Rad8 15. a4 a5 16. Qb3 Ne6 17. Ne2 Be4 18. Nd2 Rxd4 19. Nxd4 Nxd4 20. Qe3 Bf5 21. Bd3 Rd8 22. Ra3 Bxd3 23. Rxd3 e6 24. Rd1 Nxa4 25. Nf3 c5 26. b3 Nb6 27. Qe4 f5 28. Qe1 e5 29. Nxd4 cxd4 30. f3 Qc5 31. Kh1 a4 32. bxa4 Qxc4 33. Rb3 Qxb3 34. Bg5 Rd7 35. Rb1 Qe6 36. Rb5 Nc4 37. Qb1 h6 38. Bh4 g5 39. Bf2 Qc6 40. Qxf5 Nd6 41. Qe6+ Kh7 42. Rd5 Qc1+ 43. Kh2 Qc6 44. Bg3 d3 45. Bxe5 Bxe5+ 46. Qxe5 Rf7 47. Rxd6 Qc7 48. Qe4+ Kg8 49. Qe8+ Kg7 50. Qe5+ Kg8 51. Rg6+ Kh7 52. Rd6 d2 53. Kh1 d1=Q+ 0-1


[Site "https://www.chess.com"]

[Event "Titled Tuesday Blitz August 10 2021"]
[White "Ibarra Jerez, Jose Carlos"]
[Black "Timmermans, Mark"]
[WhiteFideId "2226332"]
[BlackFideId "1026399"]
[WhiteElo "2602"]
[BlackElo "2460"]
[Result "1-0"]
[Round "09"]
[TimeControl "180+1"]
[Date "2021.08.10"]
[WhiteClock "0:00:17"]
[BlackClock "0:00:20"]

1. d4 Nf6 2. Bf4 e6 3. e3 d5 4. Nd2 Bd6 5. Ngf3 O-O 6. Bd3 b6 7. Ne5 Bb7 8. Qf3 Nbd7 9. Qh3 a5 10. Bg5 Bxe5 11. Bxh7+ Nxh7 12. Bxd8 Rfxd8 13. dxe5 Ba6 14. f4 Nc5 15. Qf3 Rd7 16. O-O-O Rad8 17. e4 dxe4 18. Qe3 Bb7 19. Nb3 Nxb3+ 20. axb3 Rd5 21. Rxd5 Rxd5 22. Rd1 Nf8 23. Rxd5 Bxd5 24. c4 Bc6 25. b4 axb4 26. Qd2 Nd7 27. Qxb4 Nc5 28. Kd2 e3+ 29. Kxe3 Bxg2 30. Qd2 Bh3 31. Qd8+ Kh7 32. Qh4+ Kg8 33. Qxh3 g5 34. Qg4 1-0


[Site "https://www.chess.com"]

[Event "Titled Tuesday Blitz August 10 2021"]
[White "Ibrahimli, Murad"]
[Black "Costachi, Mihnea"]
[WhiteFideId "13410229"]
[BlackFideId "1217518"]
[WhiteElo "2109"]
[BlackElo "2482"]
[Result "1-0"]
[Round "09"]
[TimeControl "180+1"]
[Date "2021.08.10"]
[WhiteClock "0:00:12"]
[BlackClock "0:00:14"]

1. Nf3 Nf6 2. c4 g6 3. Nc3 Bg7 4. e4 O-O 5. d4 d6 6. Be2 Na6 7. O-O e5 8. dxe5 dxe5 9. Bg5 c6 10. Qxd8 Rxd8 11. Nxe5 Re8 12. f4 Nc5 13. Bf3 Nfxe4 14. Nxe4 Nxe4 15. Bxe4 f6 16. Bxf6 Bxf6 17. Rad1 Be6 18. b3 Bxe5 19. fxe5 Bg4 20. Rd6 Rxe5 21. Bxg6 Be2 22. Bf7+ Kf8 23. Rf4 Ke7 24. Rh6 Bd3 25. Bh5 Rf8 26. Rxf8 Kxf8 27. Bf3 Re1+ 28. Kf2 Ra1 29. Rd6 Rxa2+ 30. Kg3 Bc2 31. Rd7 Bxb3 32. Rxb7 Bxc4 33. Bxc6 Bd3 34. Bd5 Ra3 35. Kf4 Bg6 36. g4 a5 37. h4 Rd3 38. Be6 Rd1 39. h5 Bc2 40. Ra7 a4 41. Ke5 Ke8 42. Kf6 Rf1+ 43. Bf5 Bxf5 44. gxf5 Ra1 45. Rxh7 a3 46. Ra7 a2 47. h6 Rh1 48. Ra8+ Kd7 49. Rxa2 Rxh6+ 50. Kg7 Rh1 51. Re2 Rg1+ 52. Kf7 Rg2 53. Rxg2 1-0


[Site "https://www.chess.com"]

[Event "Titled Tuesday Blitz August 10 2021"]
[White "Indjic, Aleksandar"]
[Black "Dronavalli, Harika"]
[WhiteFideId "911925"]
[BlackFideId "5015197"]
[WhiteElo "2643"]
[BlackElo "2422"]
[Result "1-0"]
[Round "09"]
[TimeControl "180+1"]
[Date "2021.08.10"]
[WhiteClock "0:02:02"]
[BlackClock "0:01:45"]

1. d4 Nf6 2. c4 g6 3. Nc3 d5 4. Nf3 Bg7 5. Qb3 dxc4 6. Qxc4 O-O 7. e4 Nc6 8. Be3 Ng4 9. e5 Nxe3 10. fxe3 Bg4 11. h4 Bxf3 12. gxf3 h5 13. f4 e6 14. d5 exd5 15. Nxd5 Ne7 16. O-O-O Nxd5 17. Rxd5 Qe7 18. Bh3 Rfd8 19. Rhd1 Rxd5 20. Qxd5 c6 21. Qd7 Kf8 22. Qxe7+ Kxe7 23. Rd7+ Ke8 24. Rxb7 Bf8 25. Bd7+ Kd8 26. Kd2 Be7 27. Bxc6 Rc8 28. Rd7+ Ke8 29. Rc7+ Kd8 30. Rxc8+ Kxc8 31. Be8 f6 32. exf6 Bxf6 33. Bxg6 Bxb2 34. Bxh5 Bf6 35. Bg4+ 1-0


[Site "https://www.chess.com"]

[Event "Titled Tuesday Blitz August 10 2021"]
[White "Iskusnyh, Sergei"]
[Black "Kezin, Roman"]
[WhiteFideId "4120027"]
[BlackFideId "24124621"]
[WhiteElo "2492"]
[BlackElo "2570"]
[Result "0-1"]
[Round "09"]
[TimeControl "180+1"]
[Date "2021.08.10"]
[WhiteClock "0:00:13"]
[BlackClock "0:00:35"]

1. d4 d5 2. c4 e6 3. Nf3 Nf6 4. g3 Be7 5. Bg2 O-O 6. O-O dxc4 7. Qa4 a6 8. Qxc4 b5 9. Qc2 Bb7 10. Bd2 Ra7 11. Rc1 Be4 12. Qd1 Bxf3 13. Bxf3 Qxd4 14. Nc3 c5 15. Be3 Qxd1+ 16. Rxd1 Nbd7 17. Rac1 Rc8 18. g4 Ne5 19. Kg2 Nfxg4 20. Bf4 Ng6 21. Bg3 N4e5 22. Be4 f5 23. Bb1 f4 24. Ne4 fxg3 25. hxg3 Rd7 26. f4 Rxd1 27. Rxd1 Nc6 28. Rd7 Nf8 29. Rb7 Bf6 30. b3 c4 31. bxc4 bxc4 32. g4 Rb8 33. Rc7 Nd4 34. Nxf6+ gxf6 35. Be4 Nxe2 36. Rxc4 Nxf4+ 37. Kf3 N4g6 0-1


[Site "https://www.chess.com"]

[Event "Titled Tuesday Blitz August 10 2021"]
[White "Ivanchuk, Vasyl"]
[Black "Maghsoodloo, Parham"]
[WhiteFideId "14100010"]
[BlackFideId "12539929"]
[WhiteElo "2710"]
[BlackElo "2601"]
[Result "1-0"]
[Round "09"]
[TimeControl "180+1"]
[Date "2021.08.10"]
[WhiteClock "0:00:31"]
[BlackClock "0:00:58"]

1. e4 c5 2. Nf3 Nc6 3. Bb5 e6 4. Bxc6 bxc6 5. d3 Ne7 6. Qe2 f6 7. Nh4 e5 8. f4 d6 9. Nf3 Be6 10. O-O exf4 11. Bxf4 Ng6 12. Bg3 Be7 13. Nbd2 O-O 14. Nc4 Qd7 15. Rae1 Rfe8 16. b3 Bf8 17. Qf2 d5 18. Ncd2 a5 19. a4 c4 20. dxc4 dxc4 21. Nxc4 Bxc4 22. bxc4 Qe6 23. e5 Qxc4 24. exf6 Bc5 25. f7+ Kxf7 26. Ne5+ Kg8 27. Nxc4 Bxf2+ 28. Kxf2 Red8 29. Rd1 Rf8+ 30. Kg1 Rfd8 31. Rxd8+ Rxd8 32. Nxa5 Ra8 33. Nxc6 Rxa4 34. Ne5 Ne7 35. c4 h5 36. Bh4 Nc8 37. h3 Nd6 38. Rf4 Ra1+ 39. Kh2 Rc1 40. Be7 Nb7 41. Rh4 g6 42. Rd4 Re1 43. Rd5 Re4 44. Bg5 h4 45. c5 1-0


[Site "https://www.chess.com"]

[Event "Titled Tuesday Blitz August 10 2021"]
[White "Jobava, Baadur"]
[Black "Bartel, Mateusz"]
[WhiteFideId "13601520"]
[BlackFideId "1112635"]
[WhiteElo "2748"]
[BlackElo "2560"]
[Result "1-0"]
[Round "09"]
[TimeControl "180+1"]
[Date "2021.08.10"]
[WhiteClock "0:01:44"]
[BlackClock "0:01:34"]

1. e4 e5 2. Nf3 Nc6 3. Bb5 Nf6 4. O-O Nxe4 5. d4 Nd6 6. dxe5 Nxb5 7. a4 Nbd4 8. Nxd4 Nxd4 9. Qxd4 d5 10. exd6 Qxd6 11. Qe4+ Qe6 12. Qd4 Qd6 13. Qe3+ Be6 14. Nc3 Qc6 15. Nb5 Bc5 16. Qg3 O-O-O 17. b4 Bb6 18. a5 Qxb5 19. axb6 Qxb6 20. Be3 Qd6 21. Rxa7 Qxg3 22. hxg3 Bc4 23. Ra8+ Kd7 24. Rd1+ 1-0


[Site "https://www.chess.com"]

[Event "Titled Tuesday Blitz August 10 2021"]
[White "Khusnutdinov, Rustam"]
[Black "Kaasen, Tor Fredrik"]
[WhiteFideId "13701703"]
[BlackFideId "1516647"]
[WhiteElo "2571"]
[BlackElo "2349"]
[Result "1-0"]
[Round "09"]
[TimeControl "180+1"]
[Date "2021.08.10"]
[WhiteClock "0:01:07"]
[BlackClock "0:01:01"]

1. e4 c5 2. Nf3 e6 3. g3 Nc6 4. Bg2 Nf6 5. Qe2 Be7 6. O-O d6 7. c3 O-O 8. d4 cxd4 9. cxd4 d5 10. e5 Ne4 11. Rd1 Bd7 12. Ne1 f5 13. f3 Ng5 14. Nc3 Rc8 15. Be3 a6 16. Nd3 Nf7 17. f4 Na5 18. Bf2 Nc4 19. Rac1 Qa5 20. Nc5 Bxc5 21. dxc5 Rxc5 22. b3 Rfc8 23. Nxd5 exd5 24. bxc4 Be6 25. Bxc5 Qxc5+ 26. Qf2 Qxf2+ 27. Kxf2 dxc4 28. Bxb7 Rb8 29. Bd5 Rb2+ 30. Ke3 Bxd5 31. Rxd5 Kf8 32. Rxc4 Rxa2 33. Rd7 1-0


[Site "https://www.chess.com"]

[Event "Titled Tuesday Blitz August 10 2021"]
[White "Le, Tuan Minh"]
[Black "Lashkin, Jegor"]
[WhiteFideId "12401153"]
[BlackFideId "13907808"]
[WhiteElo "2450"]
[BlackElo "2293"]
[Result "1-0"]
[Round "09"]
[TimeControl "180+1"]
[Date "2021.08.10"]
[WhiteClock "0:00:11"]
[BlackClock "0:00:03"]

1. d4 Nf6 2. Nf3 d5 3. Bg5 Ne4 4. Bf4 c5 5. c3 Nc6 6. e3 Bf5 7. Qb3 Bc8 8. Nbd2 Nxd2 9. Nxd2 e6 10. Be2 Be7 11. O-O O-O 12. Rad1 b6 13. Rfe1 Bd6 14. Bxd6 Qxd6 15. Qa3 Qe7 16. Bb5 Na5 17. e4 Bb7 18. exd5 Bxd5 19. c4 Bc6 20. dxc5 Bxb5 21. cxb5 Qxc5 22. Qxc5 bxc5 23. Ne4 Rfc8 24. Rd7 Nc4 25. b3 Nb6 26. Rb7 Nd5 27. Rc1 f5 28. Ng5 Nf4 29. Rc4 h6 30. Rxf4 hxg5 31. Ra4 Rd8 32. g3 Rdb8 33. Raxa7 Rxb7 34. Rxa8+ Kf7 35. a4 Kf6 36. Rc8 Ke5 37. Rxc5+ Kd4 38. Rc4+ Kd5 39. f4 gxf4 40. gxf4 g5 41. fxg5 e5 42. g6 e4 43. h4 f4 44. h5 Rg7 45. b6 e3 46. Kg2 Ke5 47. Kf3 Rd7 48. Re4+ Kd5 49. Rxf4 Re7 50. Ke2 1-0


[Site "https://www.chess.com"]

[Event "Titled Tuesday Blitz August 10 2021"]
[White "Leitao, Rafael"]
[Black "Nesterov, Arseniy"]
[WhiteFideId "2101246"]
[BlackFideId "24198455"]
[WhiteElo "2609"]
[BlackElo "2477"]
[Result "1-0"]
[Round "09"]
[TimeControl "180+1"]
[Date "2021.08.10"]
[WhiteClock "0:00:08"]
[BlackClock "0:00:02"]

1. c4 e5 2. Nc3 Bb4 3. Qc2 Nc6 4. a3 Bxc3 5. Qxc3 d6 6. g3 Nge7 7. Bg2 O-O 8. d3 f5 9. Nf3 h6 10. b4 Qe8 11. Bb2 Qh5 12. d4 Ng6 13. b5 exd4 14. Nxd4 Nce5 15. f4 Ng4 16. Nxf5 Nf6 17. Ne3 Ne7 18. O-O-O Qxe2 19. Rhe1 Qh5 20. Nd5 Nexd5 21. Bxd5+ Kh8 22. Re7 Bg4 23. Rde1 Rae8 24. Bxb7 Rxe7 25. Rxe7 Qxh2 26. Kb1 Bf5+ 27. Ka2 d5 28. Bxd5 Qc2 29. Qxc2 Bxc2 30. Rxc7 Nxd5 31. Bxg7+ Kg8 32. cxd5 Rd8 33. Bxh6 Be4 34. Rxa7 Rxd5 35. a4 Rd3 36. b6 Bd5+ 37. Ka1 Rxg3 38. a5 Ra3+ 39. Kb2 Rh3 40. Rd7 Be6 41. Rd8+ Kf7 42. Bg5 Rb3+ 43. Kc2 Rb5 44. a6 Rxb6 45. a7 Rc6+ 46. Kd2 Ra6 47. a8=Q Rxa8 48. Rxa8 1-0


[Site "https://www.chess.com"]

[Event "Titled Tuesday Blitz August 10 2021"]
[White "Maiorov, Nikita"]
[Black "Quispe Arteaga, Gabriel"]
[WhiteFideId "13501720"]
[BlackFideId "32059809"]
[WhiteElo "2440"]
[BlackElo "2172"]
[Result "0-1"]
[Round "09"]
[TimeControl "180+1"]
[Date "2021.08.10"]
[WhiteClock "0:00:43"]
[BlackClock "0:00:48"]

1. d4 Nf6 2. c4 e6 3. Nf3 b6 4. g3 Bb7 5. Bg2 Bb4+ 6. Bd2 Qe7 7. O-O O-O 8. Bc1 d5 9. cxd5 exd5 10. Nc3 Re8 11. Bf4 Na6 12. Be5 Nd7 13. a3 Bxc3 14. bxc3 f6 15. Bf4 Qxe2 16. Qa4 c6 17. Rfe1 Qd3 18. Bh3 Nf8 19. Nh4 Qxc3 20. Nf5 Rxe1+ 21. Rxe1 Qxe1+ 22. Kg2 Qe4+ 23. Kg1 Nc5 24. Qd1 Nd3 25. Nd6 Qe1+ 26. Qxe1 Nxe1 27. Nxb7 Nf3+ 28. Kg2 Nxd4 29. Be3 Nde6 30. Nd6 g6 31. f4 Rd8 32. Nb7 Rd7 33. f5 gxf5 0-1


[Site "https://www.chess.com"]

[Event "Titled Tuesday Blitz August 10 2021"]
[White "Maximov, Dmitry"]
[Black "Yakubboev, Nodirbek"]
[WhiteFideId "14105659"]
[BlackFideId "14203987"]
[WhiteElo "2494"]
[BlackElo "2519"]
[Result "0-1"]
[Round "09"]
[TimeControl "180+1"]
[Date "2021.08.10"]
[WhiteClock "0:00:03"]
[BlackClock "0:00:08"]

1. e4 e5 2. Nf3 Nc6 3. Bb5 a6 4. Ba4 Nf6 5. O-O b5 6. Bb3 Bb7 7. d3 Be7 8. Nbd2 O-O 9. Re1 d6 10. a3 Qd7 11. Nf1 Nd8 12. Ng3 Ne6 13. Ba2 Rae8 14. c3 c5 15. h3 Bd8 16. Nh2 Nf4 17. Qf3 Ng6 18. Nf5 d5 19. Bg5 dxe4 20. dxe4 Nxe4 21. Bxd8 Nd6 22. Bd5 e4 23. Qd1 Nxf5 24. Bxb7 Qxb7 25. Bg5 Ne5 26. Qh5 g6 27. Qe2 Nd3 28. Red1 f6 29. Be3 c4 30. a4 b4 31. cxb4 Qxb4 32. Rd2 Re6 33. Ng4 h5 34. Nh6+ Nxh6 35. Bxh6 Rfe8 36. Qe3 Kh7 37. Bf4 Qb6 38. Qg3 g5 39. Be3 Qd6 40. h4 Qxg3 41. fxg3 Kg6 42. Rf1 Rb8 43. Bd4 Rd6 44. Bc3 e3 45. Re2 Re8 46. hxg5 fxg5 47. Rf3 Rde6 48. Kf1 g4 49. Rf4 Nxf4 50. gxf4 h4 51. g3 h3 52. Kg1 Kf5 53. Re1 Ke4 54. Rd1 e2 55. Re1 Kd3 56. Kf2 Re3 57. f5 Rf3+ 58. Kg1 Rxg3+ 59. Kh2 Rf3 60. f6 Re6 61. Rg1 Rexf6 62. Rxg4 Rf2+ 63. Kxh3 R6f3+ 64. Kh4 Rf4 65. Kg5 Rxg4+ 66. Kxg4 Rf1 67. Kg3 e1=Q+ 0-1


[Site "https://www.chess.com"]

[Event "Titled Tuesday Blitz August 10 2021"]
[White "Maze, Sebastien"]
[Black "Moroni, Luca Jr"]
[WhiteFideId "613762"]
[BlackFideId "865834"]
[WhiteElo "2462"]
[BlackElo "2491"]
[Result "1-0"]
[Round "09"]
[TimeControl "180+1"]
[Date "2021.08.10"]
[WhiteClock "0:00:07"]
[BlackClock "0:00:03"]

1. e4 e5 2. Nf3 Nc6 3. Bb5 a6 4. Ba4 Nf6 5. Nc3 b5 6. Bb3 Bc5 7. a4 Rb8 8. axb5 axb5 9. d3 d6 10. Nd5 Nxd5 11. Bxd5 Ne7 12. Bb3 O-O 13. Ng5 h6 14. h4 Ng6 15. Qh5 Qf6 16. Be3 Bxe3 17. fxe3 Nxh4 18. Nxf7 Nxg2+ 19. Ke2 Be6 20. Raf1 Nf4+ 21. exf4 Bxb3 22. Nxh6+ Qxh6 23. Qxh6 gxh6 24. cxb3 Rxf4 25. Rxf4 exf4 26. Rxh6 Ra8 27. Kf3 Ra1 28. Kxf4 Re1 29. Rh2 Kf8 30. Rc2 c5 31. b4 cxb4 32. Rc7 Re2 33. Rd7 Rxb2 34. Rxd6 Rf2+ 35. Ke3 b3 36. Rb6 b2 37. Rxb5 Rh2 38. Kd4 Rc2 39. Ke3 Ke7 40. d4 Rc3+ 41. Kd2 Rh3 42. Rxb2 Rh2+ 43. Kc3 Rh4 44. e5 Ke6 45. Rb6+ Kd5 46. Rd6+ Ke4 47. e6 Rh8 48. d5 Rc8+ 49. Kb4 Ke5 50. Rd7 Kf6 51. Kb5 Rc1 52. e7 Kf7 53. d6 Rb1+ 54. Kc4 Rc1+ 55. Kd3 Rd1+ 56. Ke2 Rg1 57. Rd8 Rg8 58. Rxg8 Kxg8 59. e8=Q+ 1-0


[Site "https://www.chess.com"]

[Event "Titled Tuesday Blitz August 10 2021"]
[White "Mirzoev, Azer"]
[Black "Kollars, Dmitrij"]
[WhiteFideId "13400304"]
[BlackFideId "12909572"]
[WhiteElo "2525"]
[BlackElo "2576"]
[Result "0-1"]
[Round "09"]
[TimeControl "180+1"]
[Date "2021.08.10"]
[WhiteClock "0:00:15"]
[BlackClock "0:00:55"]

1. d4 Nf6 2. Nf3 d5 3. c4 e6 4. e3 a6 5. Nbd2 c5 6. cxd5 exd5 7. b3 Nc6 8. Bb2 cxd4 9. Nxd4 Bd6 10. Be2 O-O 11. O-O Re8 12. Rc1 Ne5 13. N2f3 Ng6 14. h3 Ne4 15. Bd3 Qe7 16. Ne2 Bd7 17. Nc3 Bc6 18. Nd4 Qe5 19. Nf3 Qh5 20. Nd4 Qe5 21. Nf3 Qe7 22. Ne2 Rad8 23. Bxa6 Ng5 24. Ned4 Nxf3+ 25. Nxf3 d4 26. Nxd4 Bxg2 27. Kxg2 bxa6 28. Qg4 Ne5 29. Nf5 Qb7+ 0-1


[Site "https://www.chess.com"]

[Event "Titled Tuesday Blitz August 10 2021"]
[White "Nagy, Gabor"]
[Black "Bluebaum, Matthias"]
[WhiteFideId "737119"]
[BlackFideId "24651516"]
[WhiteElo "2562"]
[BlackElo "2685"]
[Result "0-1"]
[Round "09"]
[TimeControl "180+1"]
[Date "2021.08.10"]
[WhiteClock "0:00:35"]
[BlackClock "0:00:39"]

1. c4 c6 2. Nf3 d5 3. g3 dxc4 4. Bg2 Nd7 5. O-O Nb6 6. Na3 g6 7. Qc2 Be6 8. Ng5 Qd7 9. Nxe6 Qxe6 10. b3 Bg7 11. Rb1 cxb3 12. Rxb3 Nf6 13. Bb2 O-O 14. Rb1 Rfd8 15. d3 Nfd7 16. Bxg7 Kxg7 17. Qc1 Qf6 18. Nc2 Nc5 19. Rb4 Nba4 20. Ne3 Nc3 21. R1b2 Nxe2+ 22. Rxe2 Nxd3 23. Qb1 Nxb4 24. Qxb4 Rd7 25. h4 h5 26. Nc4 Rad8 27. Ne5 Rd1+ 28. Kh2 R8d4 29. Qxb7 R4d2 30. Rxd2 Rxd2 31. f4 Rxa2 32. Nxc6 Rb2 33. Qa6 Qc3 34. Ne5 Qc2 35. Qf1 e6 36. Nf3 a5 37. Nd4 Qf2 38. Qh1 Qxd4 0-1


[Site "https://www.chess.com"]

[Event "Titled Tuesday Blitz August 10 2021"]
[White "Nakamura, Hikaru"]
[Black "Bok, Benjamin"]
[WhiteFideId "2016192"]
[BlackFideId "1017063"]
[WhiteElo "2900"]
[BlackElo "2658"]
[Result "1-0"]
[Round "09"]
[TimeControl "180+1"]
[Date "2021.08.10"]
[WhiteClock "0:00:19"]
[BlackClock "0:00:01"]

1. e4 c5 2. Nf3 d6 3. d4 cxd4 4. Qxd4 Nf6 5. Nc3 Nc6 6. Bb5 Bd7 7. Bxc6 Bxc6 8. Bg5 e6 9. O-O-O Be7 10. Qd3 Qa5 11. h4 h6 12. Be3 d5 13. Nd4 dxe4 14. Nxc6 bxc6 15. Nxe4 Qxa2 16. Nxf6+ Bxf6 17. Qd7+ Kf8 18. Qb7 Re8 19. c3 Kg8 20. Qxa7 Qc4 21. h5 Bxc3 22. Kb1 Qe4+ 23. Kc1 Bf6 24. f3 Qc4+ 25. Kb1 Qb3 26. Bd4 e5 27. Bc3 Kh7 28. Qd7 Re7 29. Qf5+ g6 30. Qxf6 Rb7 31. hxg6+ 1-0


[Site "https://www.chess.com"]

[Event "Titled Tuesday Blitz August 10 2021"]
[White "Quintiliano Pinto, Renato R."]
[Black "Ivanisevic, Ivan"]
[WhiteFideId "2117568"]
[BlackFideId "912417"]
[WhiteElo "2439"]
[BlackElo "2499"]
[Result "1-0"]
[Round "09"]
[TimeControl "180+1"]
[Date "2021.08.10"]
[WhiteClock "0:00:16"]
[BlackClock "0:00:57"]

1. d4 Nf6 2. c4 e6 3. Nf3 d5 4. Nc3 Nbd7 5. Bf4 dxc4 6. e3 Nb6 7. Bxc4 Nxc4 8. Qa4+ c6 9. Qxc4 Nd5 10. O-O Nxf4 11. exf4 Be7 12. Rfe1 O-O 13. Rad1 Bd7 14. Ne4 Be8 15. Nc5 b6 16. Nd3 Rc8 17. Qb3 Rc7 18. Nde5 Bd6 19. g3 g6 20. Qe3 Kg7 21. h4 Bb4 22. Re2 Qd5 23. a3 Be7 24. Red2 f6 25. Ng4 h5 26. Ngh2 Bf7 27. Nf1 Rd8 28. Kg2 Rcd7 29. Qe2 Qd6 30. Ne3 Qc7 31. Rc2 Qb7 32. b4 a5 33. bxa5 bxa5 34. Rc3 Qb5 35. Qc2 c5 36. dxc5 Rxd1 37. Nxd1 Rc8 38. c6 Be8 39. c7 Bd6 40. Ne3 Qb7 41. Nc4 Be7 42. Nxa5 Qa8 43. Nc6 Bf8 44. Ncd4 Bf7 45. Rc6 e5 46. fxe5 fxe5 47. Nxe5 Bd5+ 48. Kh2 Bxc6 49. Qxg6+ 1-0


[Site "https://www.chess.com"]

[Event "Titled Tuesday Blitz August 10 2021"]
[White "Quparadze, Giga"]
[Black "Timofeev, Artyom"]
[WhiteFideId "13602250"]
[BlackFideId "4140419"]
[WhiteElo "2658"]
[BlackElo "2582"]
[Result "0-1"]
[Round "09"]
[TimeControl "180+1"]
[Date "2021.08.10"]
[WhiteClock "0:00:15"]
[BlackClock "0:00:25"]

1. e4 c5 2. Nf3 Nc6 3. Nc3 g6 4. d4 cxd4 5. Nxd4 Bg7 6. Nde2 Nf6 7. g3 Rb8 8. a4 a6 9. Bg2 b5 10. axb5 axb5 11. O-O O-O 12. Nd5 d6 13. Bd2 Bb7 14. Bc3 Ne5 15. Nd4 b4 16. Bxb4 Bxd5 17. Ba5 Qd7 18. exd5 Rxb2 19. Re1 Re8 20. Nc6 Nc4 21. Bc3 Rb7 22. Qd3 Nb6 23. Re2 Rc7 24. Bxf6 Bxf6 25. Rae1 Kg7 26. h4 h5 27. c4 Na4 28. Kh2 Nc5 29. Qc2 Qf5 30. Qxf5 gxf5 31. Bh3 Kg6 32. Re3 e6 33. Rf3 Ra8 34. Rb1 Ra2 35. Rb8 Kg7 36. Kg2 Rc2 37. Na5 Ne4 38. Rb6 Bd4 39. Rc6 Ra7 40. Nb3 Bxf2 41. Bxf5 Bxg3+ 42. Kg1 exf5 43. Rxf5 Rb7 44. Rf3 Bh2+ 45. Kf1 Rxb3 46. Rxb3 Nd2+ 47. Ke2 Nxb3+ 48. Kd3 Rg2 49. Ke4 Nc5+ 50. Kf3 Rg4 0-1


[Site "https://www.chess.com"]